 Dungeon Crawl Stone Soup version 0.26-a0-663-g36e8fdb655 (webtiles) character file.

Game seed: 12045439335387379335

20748 marklar909 the Spear-Bearer (level 13, -3/100 HPs)
             Began as a Formicid Abyssal Knight on Oct 12, 2020.
             Was a High Priest of Lugonu.
             Slain by a boulder beetle (17 damage)
             ... on level 2 of the Lair of Beasts.
             The game lasted 00:47:05 (22546 turns).

marklar909 the Spear-Bearer (FoAK)                 Turns: 22546, Time: 00:47:06

Health: -3/100     AC: 16    Str: 24    XL:     13   Next: 14%
Magic:  14/17      EV:  9    Int: 15    God:    Lugonu [*****.]
Gold:   568        SH:  5    Dex: 11    Spells: 11/18 levels left

rFire    + . .     SeeInvis +   o - +1 trident (vorpal)
rCold    . . .     Faith    .   d - +0 buckler
rNeg     . . .     Spirit   .   y - +2 chain mail {rF+}
rPois    .         Reflect  .   (helmet unavailable)
rElec    .         Harm     .   x - +2 cloak
rCorr    .         Rampage  .   (no gloves)
MR       +....                  (no boots)
Stlth    ..........             q - amulet of regeneration
HPRegen  0.66/turn              f - +6 ring of strength
MPRegen  0.15/turn              (no ring)

@: no status effects
A: permanent stasis, dig shafts and tunnels, four strong arms, antennae 3
a: Dig, Shaft Self, Depart the Abyss, Bend Space, Banish, Corrupt, Enter the
Abyss, Renounce Religion


You were on level 2 of the Lair of Beasts.
You worshipped Lugonu.
Lugonu was extremely pleased with you.
You visited 2 branches of the dungeon, and saw 12 of its levels.
You visited the Abyss 1 time.

You collected 661 gold pieces.
You spent 93 gold pieces at shops.

Inventory:

Hand Weapons
 m - a +2 glaive
 o - a +1 vorpal trident (weapon)
 I - a +0 bardiche
Missiles
 g - 8 boomerangs
 i - 84 bolts
 p - 2 javelins
 z - 5 poisoned darts (quivered)
Armour
 b - a +1 leather armour of poison resistance
 d - a +0 buckler (worn)
 e - a scarf of shadows
 x - a +2 cloak (worn)
 y - a +2 chain mail of fire resistance (worn)
 F - a +2 ring mail of positive energy
Jewellery
 f - a +6 ring of strength (left hand)
 q - an amulet of regeneration (around neck)
 t - an uncursed ring of ice
 K - a cursed ring of poison resistance {unknown}
 L - an uncursed ring of ice
Wands
 s - a wand of iceblast (12)
 u - a wand of polymorph (16)
 H - a wand of acid (8)
 J - a wand of paralysis (13)
 M - a wand of enslavement (8)
Scrolls
 c - 5 scrolls of identify
 h - 4 scrolls of amnesia
 k - 2 scrolls of fog
 l - 2 scrolls of enchant armour
 n - 4 scrolls of remove curse
 w - a scroll of fear
 G - a scroll of noise {unknown}
Potions
 a - a potion of invisibility {unknown}
 j - 3 potions of flight
 r - 2 potions of curing
 v - 3 potions of brilliance
 A - a potion of resistance {unknown}
 B - 2 potions of mutation
 C - a potion of magic {unknown}
 D - 2 potions of cancellation
 E - 2 potions of stabbing {unknown}


   Skills:
 * Level 8.8 Fighting
 + Level 11.1 Polearms
 + Level 4.5 Throwing
 * Level 8.8 Armour
 + Level 2.8 Dodging
 + Level 7.3 Stealth
 * Level 5.6 Shields
 + Level 3.2 Spellcasting
 * Level 7.2 Hexes
 + Level 3.2 Transmutations
 * Level 6.0 Earth Magic
 * Level 6.4 Invocations
 + Level 2.7 Evocations


You had 11 spell levels left.
You knew the following spells:

 Your Spells              Type           Power        Failure   Level
a - Confusing Touch       Hex            ###.....     17%         3
b - Petrify               Tmut/Erth      ###.....     85%         4

Your spell library contained the following spells:

 Spells                   Type           Power        Failure   Level
 Corona                   Hex            ###....      5%          1
 Inner Flame              Hex/Fire       ##......     58%         3
 Animate Skeleton         Necr           #.....       73%         1
 Apportation              Tloc           #.....       73%         1
 Foxfire                  Conj/Fire      #...         73%         1
 Summon Small Mammal      Summ           #...         73%         1
 Conjure Flame            Conj/Fire      #.......     97%         3
 Gell's Gravitas          Tloc           #.........   97%         3
 Yara's Violent Unravell  Hex/Tmut       ###.......   98%         5
 Sticky Flame             Conj/Fire      #.......     100%        4
 Fireball                 Conj/Fire      #.........   100%        5
 Metabolic Englaciation   Hex/Ice        ##........   100%        5


Dungeon Overview and Level Annotations

Branches:
Dungeon (10/15)            Temple (0/1) D:5            Lair (2/6) D:8
  Swamp (0/4) Lair:2       Spider (0/4) Lair:2          Orc (0/2) D:9

Altars:
Ashenzari
Cheibriados
Elyvilon
Fedhas
Hepliaklqana
Kikubaaqudgha
Makhleb
Okawaru
Ru
Vehumet
Wu Jian
Xom
Yredelemnul
Zin

Shops:
D:6 *

Portals:
Abyss: Lair:1

Annotations:
D:4 Grinder
D:5 1 runed translucent door, flotson's ghost, weakling DsDe
D:9 2 transporters, GoodGuyCap's ghost, journeyman OpMo
D:10 3 runed translucent doors, Snorg; avis's ghost, journeyman HOMo
Lair:1 2 transporters, grandjackal's ghost, journeyman DsGl


Innate Abilities, Weirdness & Mutations

You cannot be hasted, slowed, berserked, paralysed or teleported.
You can dig through walls and to a lower floor.
Your four strong arms can wield two-handed weapons with a shield.
You have a pair of large antennae on your head. (SInv)


Message History

The blink frog blinks!
Unknown command.
The boulder beetle curls into a ball and begins rolling!
A boulder beetle is nearby!
Unknown command.
You hit the boulder beetle.
The boulder beetle is lightly wounded.
The boulder beetle completely misses you.
The boulder beetle stops rolling and uncurls.
Casting: Confusing Touch (dangerous; 17% risk of failure)
Confirm with . or Enter, or press ? or * to list all spells.
Your hands begin to glow red.
The boulder beetle bites you.
* * * LOW HITPOINT WARNING * * *
Unknown command.
You hit the boulder beetle but do no damage.
The boulder beetle appears confused.
The boulder beetle is lightly wounded.
Unknown command.
The boulder beetle bites you!
You die...

######## ####### ##### #####
.B...#.#####.#.#.###.P.####.P.###
..#.)...........................#
#.##...#.#.###P.......PP...#.#..#
..#....###..####....#.#.P#.###.##
.##.....#..#####...##.......##.#
............<##.@...#.......##.#
.......#......#FB..#........##.#
.......##...{°#.....#.......#..##
.###..##.#...#.#....####..#.#...#
......##§#.#.###...#.####.#.##...
.......#B#...#P#.................
...............................##
...............................##
................................#


You could see a boulder beetle (confused) and a blink frog.

Vanquished Creatures
  Fannar (Lair:2)
  3 hydras
  A centaur warrior (D:10)
  A two-headed ogre (D:10)
  An ugly thing (D:9)
  Joseph (D:9)
  Psyche (D:9)
  A black mamba (Lair:1)
  5 cane toads
  A rime drake (Lair:1)
  3 komodo dragons
  A jumping spider (D:8)
  2 bog bodies (Lair:2)
  4 blink frogs
  2 wyverns
  23 yaks
  Eustachio (D:5)
  A wraith (D:10)
  Menkaure (D:4)
  A steam dragon (D:10)
  A warg (D:9)
  4 water moccasins
  9 orc warriors
  3 ice beasts
  An eye of draining (D:9)
  9 ogres
  3 sky beasts
  3 black bears
  8 wolves (Lair:1)
  3 centaurs
  2 necrophages
  A big kobold (D:8)
  14 bullfrogs
  A water moccasin zombie (D:9)
  7 scorpions
  7 killer bees
  3 electric eels (D:6)
  5 wights (D:10)
  2 howler monkeys (D:9)
  2 hounds (D:5)
  7 jellies
  A bullfrog skeleton (D:8)
  6 orc priests (D:9)
  9 orc wizards
  4 iguanas
  4 worker ants
  A killer bee zombie (D:5)
  2 hound skeletons
  A worker ant zombie (D:6)
  7 adders
  3 shadow imps
  6 white imps
  3 ufetubi
  An adder zombie (D:6)
  An adder skeleton (D:9)
  7 worms
  3 dart slugs
  3 leopard geckos
  33 orcs
  2 ball pythons
  5 giant cockroaches
  11 goblins
  7 hobgoblins
  9 jackals
  2 quokkas
  4 bats
  7 frilled lizards
  11 kobolds
  A leopard gecko skeleton (D:7)
  2 quokka skeletons
  A quokka zombie (D:8)
  6 rats
313 creatures vanquished.

Vanquished Creatures (others)
  A human (D:10)
  An orc (D:10)
  9 fungi
  12 plants
23 creatures vanquished.

Grand Total: 336 creatures vanquished

Notes
Turn   | Place    | Note
-------+----------+-------------------------------------------
     0 | Abyss:1  | marklar909 the Formicid Abyssal Knight began the quest for
                  | the Orb.
     0 | Abyss:1  | Reached XP level 1. HP: 18/18 MP: 2/2
    56 | Abyss:1  | Noticed a raiju
    80 | Abyss:1  | Noticed a tentacled starspawn
    81 | D:1      | Escaped the Abyss
   510 | D:1      | Reached XP level 2. HP: 24/24 MP: 3/3
  1242 | D:1      | Reached XP level 3. HP: 11/30 MP: 4/4
  1679 | D:2      | Reached skill level 1 in Dodging
  1766 | D:2      | Found a blossoming altar of Fedhas.
  1826 | D:2      | Found a sacrificial altar of Ru.
  1972 | D:1      | Reached XP level 4. HP: 23/37 MP: 5/5
  2218 | D:2      | Reached * piety under Lugonu
  2369 | D:2      | Reached skill level 3 in Polearms
  2720 | D:3      | Reached XP level 5. HP: 31/42 MP: 5/7
  4229 | D:4      | Found a broken altar of Ashenzari.
  5082 | D:4      | Reached ** piety under Lugonu
  5233 | D:4      | Found a snail-covered altar of Cheibriados.
  5289 | D:4      | Noticed an ogre
  5496 | D:4      | Noticed Menkaure
  5581 | D:4      | Killed Menkaure
  5581 | D:4      | Reached skill level 4 in Polearms
  5581 | D:4      | Reached skill level 1 in Stealth
  5581 | D:4      | Reached XP level 6. HP: 48/48 MP: 8/8
  5762 | D:4      | Noticed an ogre
  5780 | D:4      | Killed an ogre
  5780 | D:4      | Reached skill level 1 in Throwing
  5780 | D:4      | Reached XP level 7. HP: 13/54 MP: 9/9
  6041 | D:4      | Noticed Grinder
  6433 | D:4      | Found a shimmering altar of Xom.
  6620 | D:5      | Entered Level 5 of the Dungeon
  6911 | D:5      | Reached XP level 8. HP: 60/60 MP: 10/10
  6966 | D:5      | Reached skill level 5 in Polearms
  6966 | D:5      | Reached skill level 5 in Armour
  7556 | D:5      | Found a staircase to the Ecumenical Temple.
  7582 | D:5      | Noticed Eustachio
  7710 | D:5      | Killed Eustachio
  7871 | D:5      | Found an ornate altar of the Wu Jian Council.
  8351 | D:5      | Found a burning altar of Makhleb.
  8491 | D:5      | Found a runed translucent door.
  8568 | D:5      | Noticed flotson's ghost (weakling DsDe)
  8568 | D:5      | Noticed a tengu conjurer
  8690 | D:6      | Found Dehax's General Store.
  8817 | D:6      | Reached skill level 5 in Fighting
  9136 | D:6      | Reached skill level 6 in Polearms
  9136 | D:6      | Reached XP level 9. HP: 49/68 MP: 11/11
  9399 | D:5      | Learned a level 3 spell: Confusing Touch
  9404 | D:5      | Learned a level 4 spell: Petrify
  9479 | D:6      | Bought a scroll of identify for 22 gold pieces
  9479 | D:6      | Bought a scroll of amnesia for 38 gold pieces
  9479 | D:6      | Bought a scroll of identify for 22 gold pieces
  9479 | D:6      | Bought a potion of degeneration for 11 gold pieces
  9642 | D:6      | Found an iron altar of Okawaru.
  9798 | D:6      | Reached skill level 1 in Hexes
 10168 | D:6      | Reached skill level 1 in Earth Magic
 10574 | D:6      | Reached skill level 1 in Transmutations
 10751 | D:6      | Reached skill level 1 in Spellcasting
 11117 | D:7      | Reached skill level 7 in Polearms
 11471 | D:7      | Found a white marble altar of Elyvilon.
 12014 | D:7      | Reached *** piety under Lugonu
 12360 | D:7      | Found a radiant altar of Vehumet.
 12408 | D:7      | Reached XP level 10. HP: 63/76 MP: 12/12
 12477 | D:8      | Reached skill level 1 in Shields
 12798 | D:8      | Found a glowing silver altar of Zin.
 12924 | D:8      | Reached skill level 8 in Polearms
 13372 | D:8      | Found a staircase to the Lair.
 13395 | D:8      | Noticed an elephant
 14247 | D:8      | an elephant changed into a jumping spider
 14546 | D:9      | Found a hazy altar of Hepliaklqana.
 14728 | D:9      | Reached skill level 1 in Evocations
 14822 | D:9      | Reached **** piety under Lugonu
 14825 | D:9      | Found a staircase to the Orcish Mines.
 14841 | D:9      | HP: 3/77 [orc warrior/stone (5)]
 15370 | D:9      | Found a basalt altar of Yredelemnul.
 15466 | D:9      | Reached skill level 5 in Stealth
 15499 | D:9      | Found a transporter.
 15499 | D:9      | Noticed GoodGuyCap's ghost (journeyman OpMo)
 15514 | D:9      | Found a transporter.
 15518 | D:9      | Noticed a white ugly thing
 15527 | D:9      | Killed a white ugly thing
 15527 | D:9      | Reached XP level 11. HP: 83/83 MP: 14/14
 15643 | D:9      | Noticed Psyche
 15654 | D:9      | Killed Psyche
 15654 | D:9      | Reached skill level 9 in Polearms
 16228 | D:9      | Noticed Joseph
 16246 | D:9      | Killed Joseph
 16480 | D:9      | Reached skill level 5 in Invocations
 17177 | D:10     | Entered Level 10 of the Dungeon
 17343 | D:10     | Noticed avis's ghost (journeyman HOMo)
 17729 | D:10     | Noticed Snorg
 17748 | D:10     | Found an ancient bone altar of Kikubaaqudgha.
 17748 | D:10     | Noticed a two-headed ogre
 17973 | D:10     | Killed a two-headed ogre
 18021 | D:10     | Found a runed translucent gate.
 18021 | D:10     | Found a runed translucent gate.
 18021 | D:10     | Found a runed translucent gate.
 18360 | D:9      | Reached ***** piety under Lugonu
 18449 | D:10     | Reached skill level 5 in Hexes
 18496 | D:10     | Noticed a centaur warrior
 18499 | D:10     | Noticed an eight-headed hydra
 18508 | D:10     | Killed a centaur warrior
 18914 | Lair:1   | Entered Level 1 of the Lair of Beasts
 19167 | D:8      | Reached skill level 10 in Polearms
 19337 | D:8      | Reached XP level 12. HP: 57/91 MP: 16/16
 19629 | Lair:1   | Found a transporter.
 19635 | Lair:1   | Found a one-way gate to the infinite horrors of the Abyss.
 19635 | Lair:1   | Noticed grandjackal's ghost (journeyman DsGl)
 19638 | Lair:1   | Noticed a soul eater
 19712 | Lair:1   | Noticed a tentacled starspawn
 19967 | Lair:1   | Found a transporter.
 19982 | Lair:1   | Noticed a seven-headed hydra
 19991 | Lair:1   | Killed a seven-headed hydra
 20072 | Lair:1   | Noticed a hell hog
 20205 | Lair:1   | Reached skill level 5 in Earth Magic
 20660 | Lair:2   | Noticed a four-headed hydra
 20672 | Lair:2   | Killed a four-headed hydra
 20672 | Lair:2   | Reached skill level 5 in Shields
 20690 | Lair:2   | Reached skill level 11 in Polearms
 21059 | Lair:2   | Noticed a four-headed hydra
 21122 | Lair:1   | Killed a four-headed hydra
 21122 | Lair:1   | Reached XP level 13. HP: 26/99 MP: 17/17
 21505 | Lair:2   | Found a staircase to the Swamp.
 21774 | Lair:2   | Noticed Fannar
 21913 | Lair:2   | Killed Fannar
 22224 | Lair:2   | Found a hole to the Spider Nest.
 22225 | Lair:2   | Noticed a boulder beetle
 22546 | Lair:2   | Slain by a boulder beetle

Illustrated notes

Levels and vault maps discovered:
D:1:      ncdulo_lavacross, layout_basic, nrook_campfire
D:2:      layout_rooms, nicolae_overflow_crystal_walls, nicolae_ru_awakened_eye,
          chequers_garden, hex_large, wad_floor_pattern_untrapped,
          minmay_goblin_outpost
D:3:      layout_basic
D:4:      layout_loops_ring, kennysheep_mini, kennysheep_mini_moat,
          ashenzari_conservatory_becter, lightli_sewer_entry_pipes,
          uniq_menkaure, uniq_grinder
D:5:      layout_loops_corners, nicolae_overflow_hidden_temple,
          lemuel_doored_altar, minmay_temple_entry_junction,
          ebering_ghost_inner_flame, uniq_eustachio
D:6:      kennysheep_big_flooded_room, layout_cave_pools, okawaru_trees_2,
          serial_shops, shop
D:7:      layout_loops_ring, elyvilon_altar_5, lemuel_coloured_pillars_altar,
          minivault_24
D:8:      layout_rooms, old_standard_altar, david_lair_generic
D:9:      layout_stronghold, old_standard_altar, overflow_temple_1_default,
          erik_orc_4, gammafunk_ghost_mausoleum, uniq_psyche, uniq_joseph
D:10:     layout_gridville, gammafunk_ghost_icy, tgw_kikubaaqudgha, uniq_snorg
Lair:1:   layout_concentric_octagons, nicolae_volcano_entry_hallway,
          gammafunk_ghost_abyssal_escape
Lair:2:   layout_regular_city, skrybe_swamp_entry_bodies,
          nicolae_spider_entry_non_spiders, grunt_megastairs_5, uniq_fannar

Skill      XL: |  1  2  3  4  5  6  7  8  9 10 11 12 13 |
---------------+----------------------------------------+-----
Dodging        | 1 2 |  2.8
Armour         | 3 4 5 6 7 8 |  8.8
Polearms       | 3 4 6 7 8 10 11 | 11.1
Invocations    | 3 4 5 6 |  6.4
Fighting       | 4 5 6 7 8 |  8.8
Stealth        | 1 2 3 4 5 6 7 |  7.3
Throwing       | 1 3 4 |  4.5
Hexes          | 2 3 5 7 |  7.2
Earth Magic    | 2 3 4 5 6 |  6.0
Transmutations | 2 3 |  3.2
Spellcasting   | 1 2 3 |  3.2
Shields        | 3 4 5 |  5.6
Evocations     | 1 2 |  2.7

Action                   |  1- 3 |  4- 6 |  7- 9 | 10-12 | 13-15 || total
-------------------------+-------+-------+-------+-------+-------++-------
Melee: Spear             |   109 |   249 |   142 |       |       ||   500
       Glaive            |       |       |   133 |   345 |       ||   478
       Trident           |       |       |       |   454 |   135 ||   589
Throw: Dart              |       |    30 |   160 |    29 |       ||   219
       Boomerang         |       |       |    20 |    32 |       ||    52
 Cast: Confusing Touch   |       |       |       |    31 |    10 ||    41
Invok: Depart the Abyss  |     1 |       |       |       |       ||     1
       Bend Space        |       |       |     1 |     7 |     1 ||     9
 Abil: Dig               |       |       |     5 |    12 |     1 ||    18
Evoke: Wand              |       |     1 |     6 |    22 |     2 ||    31
  Use: Scroll            |       |     2 |    14 |     3 |       ||    19
       Potion            |       |       |       |     3 |       ||     3
 Stab: Paralysed         |       |     7 |    16 |    18 |       ||    41
       Distracted        |       |       |     1 |     5 |       ||     6
       Sleeping          |       |       |       |     7 |       ||     7
       Confused          |       |       |       |    23 |    24 ||    47
Armor: Ring mail         |    40 |    54 |    24 |       |       ||   118
       Leather armour    |       |       |    67 |   112 |       ||   179
       Chain mail        |       |       |       |   157 |    22 ||   179
Dodge: Dodged            |    47 |    84 |   168 |   377 |    25 ||   701
Block: Buckler           |       |       |       |   118 |     6 ||   124

Table legend: (Time is in decaauts)
 A = Elapsed time spent in this place.
 B = Non-inter-level travel time spent in this place.
 C = Inter-level travel time spent in this place.
 D = Time resting spent in this place.
 E = Time spent auto-exploring this place.
 F = Levels seen in this place.
 G = Mean time per level.
                   A        B        C        D        E       F      G
               +--------+--------+--------+--------+--------+-----+--------+
         Total |  22567 |  21164 |   1403 |   5143 |  11547 |  13 | 1735.9 |
       Dungeon |  19422 |  18203 |   1219 |   4404 |  10133 |  10 | 1942.2 |
          Lair |   3063 |   2879 |    184 |    739 |   1363 |   2 | 1531.5 |
         Abyss |     81 |     81 |      0 |      0 |     51 |   1 |   81.0 |
               +--------+--------+--------+--------+--------+-----+--------+

Top non-repeatable levels by time:
     D:7: 2545 daAuts
     D:4: 2543 daAuts
     D:9: 2538 daAuts
     D:5: 2355 daAuts
     D:6: 1883 daAuts
     D:8: 1808 daAuts
     D:1: 1771 daAuts
  Lair:1: 1770 daAuts
     D:3: 1698 daAuts
    D:10: 1427 daAuts
  Lair:2: 1292 daAuts
     D:2: 849 daAuts
 Abyss:1: 81 daAuts
